 Dungeon Crawl Stone Soup version 0.26.1-11-gd32895ea62 (webtiles) character file.

Game seed: 6139061498378334550

23 Arcadio the Grasshopper (level 2, -2/25 HPs)
             Began as a Palentonga Warper on May 18, 2021.
             Slain by a gnoll
             ... wielding a +0 club
              (4 damage)
             ... on level 1 of the Dungeon.
             The game lasted 00:01:19 (1158 turns).

Arcadio the Grasshopper (Palentonga Warper)         Turns: 1158, Time: 00:01:20

Health: -2/25      AC:  4    Str: 14    XL:     2   Next: 75%
Magic:  5/5        EV:  9    Int: 13    God:
Gold:   15         SH:  0    Dex:  9    Spells: 5/5 levels left

rFire    . . .     SeeInvis +   a - +0 falchion
rCold    . . .     Faith    .   (no shield)
rNeg     . . .     Spirit   .   b - +0 leather armour
rPois    .         Reflect  .   (no helmet)
rElec    .         Harm     .   (no cloak)
rCorr    .         Rampage  .   (no gloves)
Will     .....                  (no barding)
Stlth    +.........             (no amulet)
HPRegen  0.08/turn              (no ring)
MPRegen  0.09/turn              (no ring)

@: no status effects
A: large, rugged brown scales 3, see invisible, deformed body, roll 1, armoured
tail
a: Rolling Charge


You were on level 1 of the Dungeon.
You visited 1 branch of the dungeon, and saw 1 of its levels.

You collected 15 gold pieces.

Inventory:

Hand Weapons
 a - a +0 falchion (weapon)
Missiles
 e - 5 boomerangs of dispersal
Armour
 b - a +0 leather armour (worn)
Scrolls
 c - a scroll of identify {unknown}
 d - a scroll of blinking
Potions
 f - a potion of magic {unknown}


   Skills:
 - Level 2.0 Fighting
 + Level 2.3 Long Blades
 - Level 0.6 Throwing
 + Level 1.2 Armour
 + Level 1.9 Dodging
 - Level 2.0 Spellcasting
 + Level 3.2 Translocations


You had 5 spell levels left.
You didn't know any spells.
Your spell library contained the following spells:

 Spells                   Type           Power        Failure   Level
 Blink                    Tloc           N/A          12%         2
 Gell's Gravitas          Tloc           4%           24%         3
 Lesser Beckoning         Tloc           4%           24%         3
 Teleport Other           Tloc           9%           24%         3
 Passage of Golubria      Tloc           N/A          63%         4


Dungeon Overview and Level Annotations

Branches:
Dungeon (1/15)

Altars:


Innate Abilities, Weirdness & Mutations

You are completely covered in rugged brown scales. (AC +3, +7% HP)
You have supernaturally acute eyesight. (SInv)
Armour fits poorly on your strangely shaped body.
You can roll at nearby foes to attack.
You have a long armoured tail.


Message History

The kobold hits you but does no damage.
You hit the kobold.
You kill the kobold!
You barely miss the gnoll. You tail-slap the gnoll.
The gnoll is heavily wounded.
The gnoll hits you with a +0 club.
You hit the gnoll.
Your tail-slap misses the gnoll.
The gnoll is severely wounded.
The gnoll hits you with a +0 club!
You barely miss the gnoll.
The gnoll is severely wounded.
The gnoll barely misses you.
You completely miss the gnoll.
The gnoll is severely wounded.
The gnoll hits you with a +0 club!
* * * LOW HITPOINT WARNING * * *
You barely miss the gnoll.
Your tail-slap misses the gnoll.
The gnoll is severely wounded.
The gnoll hits you with a +0 club.
You die...

#. #.######'##
#... ..# ##...##
#.######
##.....## #.#.##
##.......# #....
#......... ....
+......... #..
#......... #g#
##.......# #@#
##.....## #.###
##...## #...#
##+## ###.# #.#
#.# #.# #.#
##.## #.####
##...##
#....####.....##
####............


You could see a gnoll.

Vanquished Creatures
  2 dart slugs (D:1)
  A leopard gecko (D:1)
  A giant cockroach (D:1)
  2 goblins (D:1)
  2 hobgoblins (D:1)
  3 bats (D:1)
  5 kobolds (D:1)
  3 rats (D:1)
19 creatures vanquished.

Notes
Turn   | Place    | Note
-------+----------+-------------------------------------------
     0 | D:1      | Arcadio the Palentonga Warper began the quest for the Orb.
     0 | D:1      | Reached XP level 1. HP: 18/18 MP: 3/3
    34 | D:1      | Reached skill level 1 in Armour
   308 | D:1      | Reached XP level 2. HP: 21/25 MP: 5/5
  1158 | D:1      | Slain by a gnoll

Illustrated notes

Levels and vault maps discovered:
D:1:      lordsloth_arrival_two_stooges, layout_loops_corners, minmay_ruptured

Skill      XL: |  1 |
---------------+----+-----
Armour         | 1 |  1.2
Fighting       | |  2.0
Long Blades    | |  2.3
Throwing       | |  0.6
Dodging        | |  1.9
Spellcasting   | |  2.0
Translocations | |  3.2

Action                   || total
-------------------------++-------
Melee: Falchion          ||    57
       Tailslap          ||     3
 Abil: Rolling Charge    ||     2
Armor: Leather armour    ||    19
Dodge: Dodged            ||    24
       Rpst.: Falchion   ||     3
